[Event "14e Open International de Quenza"]
[Site "Quenza, France"]
[Date "????.??.??"]
[Round "6.2"]
[White "Bonelli Maestracci, Pierre Joseph"]
[Black "Dardha, Daniel"]
[Result "0-1"]
[TimeControl "5min+3s"]
[WhiteElo "2098"]
[BlackElo "2627"]

1. e4 c5 2. Nf3 d6 3. d4 Nf6 4. Nc3 cxd4 5. Nxd4 Nc6 6. Nd5 Nxd5 7. exd5 Qa5+ 8. Bd2 Qxd5 9. Nb5 Qe6+ 10. Be2 Qd7 11. c4 e6 12. O-O Be7 13. Bf4 e5 14. Be3 O-O 15. f4 f5 16. Qd2 a6 17. Nc3 Qe8 18. Nd5 Bd8 19. Nc3 exf4 20.
Bxf4 Bb6+ 21. Kh1 Be6 22. Rfe1 Qf7 23. Bf3 Kh8 24. Nd5 Bc5 25. b4 Bd4 26. Rab1 Be5 27. Be3 Rac8 28. b5 axb5 29.
cxb5 Na5 30. Qxa5 Bxd5 31. Bxd5 Qxd5 32. Rbd1 Qf7 33. Qa4 f4 34.
Bf2 f3 35. g3 Rc4 36. Qb3 Qe6 37. Rc1 Qh3 0-1

[Event "14e Open International de Quenza"]
[Site "Quenza, France"]
[Date "????.??.??"]
[Round "6.3"]
[White "Maurizzi, Marc Andria"]
[Black "Sumets, Andrey"]
[Result "1/2-1/2"]
[TimeControl "5min+3s"]
[WhiteElo "2604"]
[BlackElo "2497"]

1. e4 e6 2. b3 d5 3.
Bb2 Nc6 4. e5 f6 5. Bb5 Bd7 6. Bxc6 Bxc6 7. Nf3 f5 8. d4 Nh6 9. a4 a5 10.
Ba3 Bxa3 11. Nxa3 O-O 12. Qd2 b6 13. Qf4 Qe7 14. O-O Nf7 15. h4 h6 16. g3 g5 17. Qd2 f4 18. Kg2 Kg7 19. gxf4 g4 20. Ne1 Qxh4 21. Rh1 Qe7 22. Nd3 Rh8 23. Rh5 Be8 24. Rah1 Qxa3 25. f5 exf5 26. e6 Qe7 27.
exf7 Bxf7 28. Rxh6 Qe4+ 29. Kg1 f4 30. Rxh8 Rxh8 31. Rxh8 Kxh8 32. Nxf4 Kg7 33. Ne2 Bg6 34. Ng3 Qxc2 35. Qg5 Qd1+ 36. Kh2 Qf3 37. Kg1 Qd1+ 38. Kh2 Qf3 39. Qe5+ Kg8 40. Kg1 Qd1+ 41. Kh2 Qf3 42. Qe6+ Kg7 43. Qe7+ Kh6 44. Qh4+ Kg7 45. Qe7+ Kh6 46. Qe1 Be4 47. Qc1+ Kg6 48. Qc6+ Kg5 49. Qc1+ Qf4 50. Qe1 Kh4 51. Kg1 Qf3 52. Nxe4 Qxe4 53. Qc1 Kh5 54. Qxc7 Qe1+ 55. Kg2 Qe4+ 56. Kg1 Qe1+ 57. Kg2 Qe4+ 58. Kg1 Qxd4 59. Qf7+ Kg5 60. Qe6 Qd1+ 61. Kh2 Qxb3 62. Qe5+ Kg6 63. Qe6+ Kg7 64. Qe7+ Kg6 65. Qe6+ Kg7 66. Qe7+ Kg6 67. Qe6+ Kg7 68. Qe7+ 1/2-1/2

[Event "14e Open International de Quenza"]
[Site "Quenza, France"]
[Date "????.??.??"]
[Round "6.4"]
[White "Deladerriere, Apollo"]
[Black "Terrieux, Kevin"]
[Result "0-1"]
[TimeControl "5min+3s"]
[WhiteElo "2131"]
[BlackElo "2394"]

1. e4 c5 2. Nf3 d6 3. d4 cxd4 4. Qxd4 Nf6 5. c4 Nc6 6.
Qe3 Bg4 7. Be2 g6 8. h3 Bxf3 9. Bxf3 Bg7 10. O-O O-O 11. Nc3 Nd7 12. Rb1 Rc8 13. b3 Nd4 14. Bb2 Ne5 15. Bd1 Nec6 16. Kh1 a6 17. Bg4 Ra8 18.
Rfc1 h5 19. Bd1 b5 20. cxb5 axb5 21. Nxb5 Nxb5 22. Rxc6 Rxa2 23. Bxg7 Kxg7 24. Be2 Na7 25. Ra6 Rxa6 26. Bxa6 Nc8 27. Rc1 Nb6 28. Rc6 Nd7 29. Qc3+ Nf6 30. b4 Kg8 31. f3 d5 32. e5 d4 33. Qc4 d3 34. Qxd3 Qxd3 35. Bxd3 Nd5 36. b5 Rb8 37. Bc4 Ne3 38. Rxg6+ Kf8 39. Rc6 Nxc4 40. Rxc4 Rxb5 41. f4 h4 42. Kg1 Kg7 43. Kf2 Kg6 44.
Rc7 e6 45. g4 hxg3+ 46. Kxg3 Rb3+ 47. Kg4 Rb1 48. Ra7 Rg1+ 49. Kh4 Rf1 50. Kg3 Rg1+ 51. Kf2 Rh1 52. Kg2 Rd1 53. Kg3 Rg1+ 54. Kh2 Rf1 55.
Kg3 Rg1+ 56. Kh4 Rf1 57. Kg4 Rg1+ 58. Kf3 Rb1 59. h4 Rh1 60.
Kg3 Rg1+ 61. Kf2 Rg4 62.
Kf3 Rxh4 63. Ra1 Kf5 64.
Rg1 Rxf4+ 65. Ke3 Re4+ 66. Kf3 Rxe5 67. Ra1 Rd5 68. Rb1 Rd3+ 69. Ke2 Rh3 70. Rb5+ e5 71. Ra5 f6 72. Kf2 Kf4 73. Ra4+ e4 74. Ra6 f5 75. Rf6 Rh2+ 76. Kg1 Rb2 77. Rh6 Kg4 78. Rg6+ Kf3 79. Rh6 f4 80. Rh3+
Kg4 81. Ra3 e3 82. Rc3 Kf3 83. Rb3 Rd2 84. Ra3 Rd1+ 85. Kh2 Kf2 86. Ra1 Rxa1 0-1

[Event "14e Open International de Quenza"]
[Site "Quenza, France"]
[Date "????.??.??"]
[Round "6.5"]
[White "Bellahcene, Bilel"]
[Black "Roubert, Emile"]
[Result "1-0"]
[TimeControl "5min+3s"]
[WhiteElo "2513"]
[BlackElo "2055"]

1. e4 e5 2. Nf3 Nc6 3.
Bb5 a6 4. Ba4 Nf6 5. O-O d6 6. c3 Bd7 7. Re1 g6 8. d4 Bg7 9. h3 O-O 10. Nbd2 exd4 11. cxd4 Nb4 12. Bxd7 Qxd7 13. Qb3 a5 14.
a3 Na6 15. e5 a4 16. Qc4 b5 17. Qc2 Nd5 18. Ne4 Rac8 19. Bg5 h6 20. Bh4 Qf5 21. Bg3 dxe5 22. dxe5 Nf4 23. Nd4 Qxe5 24.
Nc6 Qxb2 25. Qxb2 Bxb2 26. Rab1 Nd3 27. Red1 Rcd8 28. Nxd8 Rxd8 29. Rxb2 1-0

[Event "14e Open International de Quenza"]
[Site "Quenza, France"]
[Date "????.??.??"]
[Round "6.6"]
[White "Rogoz, Vladyslav"]
[Black "Lagarde, Maxime"]
[Result "0-1"]
[TimeControl "5min+3s"]
[WhiteElo "2108"]
[BlackElo "2618"]

1. d4 Nf6 2. c4 c5 3. d5 b5 4. cxb5 a6 5. e3 axb5 6. Bxb5 Qa5+ 7. Nc3 Bb7 8. Bd2 Qb6 9. a4 Nxd5 10. Nf3 e6 11. O-O Be7 12. Re1 O-O 13.
e4 Nb4 14. Ne5 Qc7 15. Bf4 d6 16. Nc4 e5 17. Be3 N8c6 18. Nd5 Nxd5 19. exd5 Nb4 20. f4 Nxd5 21. fxe5 dxe5 22. Bf2 f6 23.
Qb3 Kh8 24. Rad1 Rad8 25. a5 Nf4 26.
Ne3 Qxa5 27. Bf1 Qb4 28. Qc2 Qe4 29. Qb3 Nh3+ 0-1

[Event "14e Open International de Quenza"]
[Site "Quenza, France"]
[Date "????.??.??"]
[Round "6.7"]
[White "Utrera, Ludovic"]
[Black "Toktomushev, Teimur"]
[Result "0-1"]
[TimeControl "5min+3s"]
[WhiteElo "2118"]
[BlackElo "2401"]

1. e4 c5 2. Nc3 e6 3. Nge2 a6 4.
g3 b5 5.
Bg2 Bb7 6. d4 cxd4 7. Nxd4 Nf6 8. O-O b4 9. Na4 Bxe4 10. Bxe4 Nxe4 11. Re1 d5 12. c4 bxc3 13. Nxc3 Be7 14. Nxe4 dxe4 15.
Rxe4 O-O 16. Qb3 a5 17. a4 Ra6 18. Nb5 Nd7 19. Be3 Nc5 20. Bxc5 Bxc5 21. Rd1 Qe7 22. Rc4 Raa8 23. Rdc1 Bb4 24. Qf3 Rad8 25. Nd4 Qd7 26.
Nc6 Rc8 27. Kg2 Bd6 28. Rd1 Qc7 29. Qd3 Bb4 30. Rdc1 Qb7 31. Qf3 Qa6 32. Rxb4 axb4 33. Ne7+ Kh8 34. Nxc8 Rxc8 35. Rxc8+ Qxc8 36. Qxf7 h6 37. Qe7 Qc6+ 38. Kh3 Qxa4 39. Qxe6 Qc2 40. Qe8+ Kh7 41. Qe5 b3 42. g4 Qxf2 43. Qe4+ Kh8 44. Qe8+ Kh7 45. Qe4+ Kg8 46. Qe8+ Qf8 47. Qxf8+ 0-1

[Event "14e Open International de Quenza"]
[Site "Quenza, France"]
[Date "????.??.??"]
[Round "6.8"]
[White "Skripchenko, Almira"]
[Black "Have, Didier"]
[Result "1-0"]
[TimeControl "5min+3s"]
[WhiteElo "2359"]
[BlackElo "1903"]

1. e4 c5 2. Nf3 d6 3. Bb5+ Nc6 4. O-O Bd7 5. Re1 a6 6. Bf1 Bg4 7.
c3 e6 8.
d4 cxd4 9. cxd4 Bxf3 10. gxf3 Qh4 11.
Nc3 Be7 12. f4 Nf6 13. Be3 Ng4 14. h3 Nf6 15. Bg2 Nh5 16. Qf3 g5 17. f5 Rg8 18. Qg4 Nf6 19. Qxh4 gxh4 20. fxe6 fxe6 21.
Kh1 Kd7 22. Rad1 Rg6 23. e5 Nh5 24. Be4 Rgg8 25. Bxh7 Rh8 26. Be4 dxe5 27. dxe5+ Kc7 28. Bxc6 bxc6 29. Ne4 Raf8 30. Rd3 Nf4 31.
Bxf4 Rxf4 32. f3 Rhf8 33.
Kg2 Rg8+ 34. Kf1 Rgf8 35. Ke2 Rg8 36. Red1 Bb4 37. Ke3 Rgf8 38. Ke2 Rg8 39. Rd7+ Kb6 40. a3 Bf8 41. b4 Rg2+ 42. Ke3 Rxe4+ 43. Kxe4 Bh6 44. Rh7 Re2+ 45. Kd4 Bf4 46.
Kc4 Bxe5 1-0

[Event "14e Open International de Quenza"]
[Site "Quenza, France"]
[Date "????.??.??"]
[Round "6.9"]
[White "Paoli, Guillaume"]
[Black "Tomasi, Albert"]
[Result "0-1"]
[TimeControl "5min+3s"]
[WhiteElo "1828"]
[BlackElo "2287"]

1. g3 d5 2. a3 e5 3. Bg2 Nf6 4. c3 Be7 5. d4 Nbd7 6. dxe5 Nxe5 7. Nf3 Ng6 8. O-O O-O 9. b4 c6 10. Bb2 a5 11. Nbd2 Re8 12. c4 axb4 13.
axb4 Rxa1 14. Qxa1 Bxb4 15. cxd5 cxd5 16. e3 Be6 17. Nb3 Bf8 18. Nbd4 Bd7 19. Rc1 Ne4 20. Ne1 Ne5 21. Ndf3 Ng4 22.
Nd3 Bb5 23. Nfe1 Ngf6 24. h3 Bc4 25.
Ne5 b5 26. Nxc4 dxc4 27. Bd4 Nd2 28. Qb2 Nb3 29. Rd1 Nxd4 30. Rxd4 Qa5 31. Nf3 Rc8 32. Qc2 g6 33. e4 Bc5 34.
Rd1 Qa4 35. Qb1 Nxe4 36. Rd7 Nxf2 37. Kh2 b4 38. Ne5 Rf8 39. Bd5 Nd3 40. Rxf7 Rxf7 41. Bxf7+ Kg7 42. Nxd3 cxd3 43. Bb3 Qd7 44.
Qb2+ Bd4 45. Qd2 Bc3 46. Qd1 d2 47. h4 h5 48. Qf3 Qe7 49.
Kh3 Bf6 50. Qg2 Qe1 51. Qb7+ Kh6 52. Qd5 Be5 53. Qd3 Qh1# 0-1

[Event "14e Open International de Quenza"]
[Site "Quenza, France"]
[Date "????.??.??"]
[Round "6.10"]
[White "Deladerriere, Calypso"]
[Black "Ternault, Mathieu"]
[Result "0-1"]
[TimeControl "5min+3s"]
[WhiteElo "2060"]
[BlackElo "2276"]

1. e4 e6 2. Nf3 a6 3. d4 d5 4. Nc3 Nf6 5. e5 Nfd7 6.
a3 c5 7. dxc5 Nc6 8. Bf4 Nxc5 9.
Be2 Be7 10. h3 d4 11. Na2 Na4 12. Rb1 b5 13. O-O Bb7 14. Qd2 Qd5 15. b3 Nc5 16. Nb4 Nxb4 17. axb4 Ne4 18. Qxd4 Qxd4 19. Nxd4 Nc3 20. Rbe1 Nxe2+ 21. Nxe2 Bxb4 22. c3 Bc5 23.
Rd1 h6 24. Rd2 Rd8 25. Rfd1 Rxd2 26. Rxd2 Bd5 27. b4 Bb6 28. Nd4 O-O 29. Rd1 Rc8 30. Bd2 Bxd4 31. cxd4 Rc4 32. Ra1 Rxd4 33. Be3 Rxb4 34. Rxa6 Rb1+ 35. Kh2 b4 36. Rb6 b3 37. Bd4 Rd1 38. Bc3 Rd3 39. Ba1 Rd2 40. Kg3 Kh7 41. Rb4 Ra2 42. Bd4 Rd2 43. Ba1 Rd3+ 44. Kh2 Kg6 45. Bd4 Kf5 46. f3 g5 47. Kg3 h5 48. Ba1 Rd2 49. Bc3 h4+ 50. Kh2 Rc2 51. Be1 Bxf3 52. Rxb3 Bxg2 53. Kg1 Bd5 54. Re3 Rc1 55. Kf2 Rc2+ 56. Kg1 Kg6 57. Bf2 Rc4 58. Kh2 Be4 59. Be1 Bf5 60. Re2 Ra4 61.
Rg2 Ra3 62. Bd2 Rxh3+ 63. Kg1 g4 64.
Bf4 Rf3 65. Bd2 g3 66. Re2 Bd3 67. Re1 h3 68. Re3 Rxe3 69. Bxe3 Be4 0-1

[Event "14e Open International de Quenza"]
[Site "Quenza, France"]
[Date "????.??.??"]
[Round "6.11"]
[White "Isaia, Daniele"]
[Black "Pieri, Pierre-Louis"]
[Result "0-1"]
[TimeControl "5min+3s"]
[WhiteElo "1775"]
[BlackElo "2224"]

1. e4 c5 2. Nf3 e6 3. d4 cxd4 4. Nxd4 Nc6 5. Nc3 Qc7 6. Ndb5 Qb8 7. Be3 a6 8. Bb6 axb5 9. Nxb5 Bb4+ 10. c3 Ba5 11. Nd6+ Kf8 12. Bc5 b6 13. Ba3 Bxc3+ 14. bxc3 Rxa3 15. Nc4 Ra8 16. a4 Nge7 17. Qb3 Qf4 18. Bd3 Ne5 19. Nxe5 Qxe5 20.
O-O Ba6 21. c4 Qc5 22. Rfb1 Nc6 23.
Qxb6 Qxb6 24. Rxb6 Ke7 25. f4 f6 26. Rab1 Rhb8 27.
Bf1 Bc8 28. Rxb8 Rxb8 29. Rxb8
Nxb8 30. c5 Na6 31. Bxa6 Bxa6 32. Kf2 Kd8 33. Ke3 Kc7 34. Kd4 Kc6 0-1

[Event "14e Open International de Quenza"]
[Site "Quenza, France"]
[Date "????.??.??"]
[Round "6.12"]
[White "Mullon, Jean-Baptiste"]
[Black "Stubbe, Damien"]
[Result "1-0"]
[TimeControl "5min+3s"]
[WhiteElo "2277"]
[BlackElo "1962"]

1. e4 c5 2. Nf3 Nc6 3. d4 cxd4 4.
Nxd4 Nf6 5. Nc3 e5 6. Ndb5 d6 7. Bg5 a6 8. Na3 b5 9. Nd5 Be7 10. Bxf6 Bxf6 11. c4 b4 12. Nc2 Rb8 13. Qd3 O-O 14. g3 Be6 15. h4 Bxd5 16. cxd5 Nd4 17. Nxd4 exd4 18. Bh3 a5 19. O-O Qb6 20. Rfc1 b3 21.
Rc6 Qb5 22. Qxb5 Rxb5 23. Bf1 Rb4 24. a3 Rbb8 25. Bd3 Rfc8 26. Rac1 Rxc6 27. Rxc6 Be7 28. f4 f5 29. e5 dxe5 30. fxe5 Bxa3 31. bxa3 b2 32.
e6 Kf8 33. d6 b1=Q+ 34. Bxb1 Rxb1+ 35. Kg2 Rb8 36. Kf3 1-0

[Event "14e Open International de Quenza"]
[Site "Quenza, France"]
[Date "????.??.??"]
[Round "7.1"]
[White "Dardha, Daniel"]
[Black "Hou, Yifan"]
[Result "1/2-1/2"]
[TimeControl "5min+3s"]
[WhiteElo "2627"]
[BlackElo "2633"]

1. e4 c5 2. Nc3 d6 3. Nge2 a6 4. g3 Nf6 5. Bg2 e6 6. d4 cxd4 7. Nxd4 Bd7 8. g4 h6 9. h4 Nc6 10.
g5 hxg5 11. hxg5 Rxh1+ 12. Bxh1 Nxd4 13. Qxd4 Ng4 14. f3 Ne5 15.
f4 Nc6 16. Qf2 g6 17. Be3 Bg7 18. Bb6 Qe7 19. O-O-O Bxc3 20. bxc3 e5 21. Bc7 exf4 22. Qxf4 Qe5 23. Qf6 Be6 24.
Bxd6 Qxf6 25. gxf6 Bxa2 26. e5 Be6 27. Be4 Rc8 28. Rh1 Na5 29. Rh7 Nc4 30. Bxb7 Nxd6 31. exd6 Rxc3 32. Kd2 Rc5 33. Be4 Kd7 34. Bxg6 Kxd6 35. Bxf7 Rc7 36. Bg6 Rxh7 37. Bxh7 Ke5 38. Bd3 a5 39. c4 Bxc4 40. Bxc4 Kxf6 41.
Bb3 Ke5 1/2-1/2

[Event "14e Open International de Quenza"]
[Site "Quenza, France"]
[Date "????.??.??"]
[Round "7.2"]
[White "Sumets, Andrey"]
[Black "Bellahcene, Bilel"]
[Result "1-0"]
[TimeControl "5min+3s"]
[WhiteElo "2497"]
[BlackElo "2513"]

1. d4 Nf6 2. c4 e6 3. Nf3 Bb4+ 4. Bd2 a5 5. g3 O-O 6. Bg2 d5 7. a3 Be7 8. Qc2 dxc4 9. Qxc4 b6 10. Bg5 Bb7 11. O-O Bd5 12. Qc2 Be4 13.
Qc1 Nbd7 14. Nc3 Bb7 15. Rd1 Rc8 16. Ne5 Bxg2 17. Kxg2 Qe8 18. Nc6 Bd6 19. e4 h6 20. Bxf6 Nxf6 21. Na7 Ra8 22. Nab5 Nxe4 23.
Nxc7 Bxc7 24. Nxe4 Rc8 25. Qe3 f5 26. Nc3 f4 27. Qe4 f3+ 28. Kg1 Rf6 29. d5 Qh5 30. h4 Be5 31. dxe6 Rxe6 32. Rd3 Rf8 33. Re1 Rf4 34. Qd5 Rff6 35. Ne4 Rg6 36.
Nd2 Qxh4 37. Qxe6+ Rxe6 38. gxh4 1-0

[Event "14e Open International de Quenza"]
[Site "Quenza, France"]
[Date "????.??.??"]
[Round "7.3"]
[White "Lagarde, Maxime"]
[Black "Toktomushev, Teimur"]
[Result "1-0"]
[TimeControl "5min+3s"]
[WhiteElo "2618"]
[BlackElo "2401"]

1. e4 c5 2. Nf3 e6 3. c3 d5 4.
e5 d4 5.
g3 Nc6 6. Bg2 Nge7 7. O-O b6 8.
cxd4 cxd4 9. d3 Bb7 10.
Nbd2 h6 11. h4 Rc8 12. a3 Nd5 13. h5 a5 14. Re1 b5 15. Nf1 a4 16. Bd2 Be7 17. Re4 Qb6 18. N1h2 Ra8 19. Rg4 Kf8 20.
Qe1 b4 21. Nh4 Na5 22. N2f3 Nb3 23. Rb1 Ba6 24. Qe4 Rc8 25. Ng6+ fxg6 26. Qxg6 Nxd2 27. Nxd2 Rg8 28. Bxd5 Bxd3 29. Rf4+ Bf6 30. Qxd3 1-0

[Event "14e Open International de Quenza"]
[Site "Quenza, France"]
[Date "????.??.??"]
[Round "7.4"]
[White "Ternault, Mathieu"]
[Black "Fressinet, Laurent"]
[Result "0-1"]
[TimeControl "5min+3s"]
[WhiteElo "2276"]
[BlackElo "2605"]

1. d4 d5 2. Nf3 Nf6 3. c3 e6 4.
Bg5 h6 5. Bf4 g5 6. Be5 Nbd7 7. Nbd2 Bg7 8. e3 Nxe5 9. Nxe5 Nd7 10. Nxd7 Bxd7 11. h4 Qe7 12. a4 e5 13. dxe5 Bxe5 14.
Nf3 g4 15. Nxe5 Qxe5 16. g3 Qe4 17.
Rg1 c6 18. a5 Qe5 19. Be2 h5 20. Qd2 O-O-O 21. b4 Kb8 22. O-O-O Rh6 23. Qd4 f6 24. Kb2 Rhh8 25. Qc5 Rhe8 26.
Rd4 Qc7 27. Rf4 f5 28. Rd1 Re4 29. Rxe4 fxe4 30. Qe7 Bc8 31. Qxc7+ Kxc7 32. c4 Rf8 33. Rf1 Be6 34. c5 b6 35. axb6+ axb6 36. cxb6+ Kxb6 37. Kc3 Kc7 38. Kd4 Kd6 39. Kc3 Ke5 40. Kd2 Ra8 41. Rc1 Bd7 42.
Kc3 Rf8 43. Rf1 Bc8 44. Kd2 Kd6 45. Kc3 Rf7 46. Kd4 Bb7 47. Bd1 Ba6 48. Re1 Rxf2 49. Ba4 Rd2+ 50. Kc3 Rd3+ 51. Kb2 Bc4 52. Bc2 Rd2 53. Kc3 Rg2 54. Bxe4 Rxg3 55. Bg6 Rh3 56. Bxh5 Rxh4 57. Bg6 g3 58. e4 g2 59. e5+ Ke7 60. Rg1 Bf1 61. Kd2 Rh1 0-1

[Event "14e Open International de Quenza"]
[Site "Quenza, France"]
[Date "????.??.??"]
[Round "7.5"]
[White "Tomasi, Albert"]
[Black "Maurizzi, Marc Andria"]
[Result "0-1"]
[TimeControl "5min+3s"]
[WhiteElo "2287"]
[BlackElo "2604"]

1. e4 c6 2. d4 d5 3.
Nc3 dxe4 4. Nxe4 Nf6 5. Nxf6+ exf6 6. c3 Bd6 7. Bd3 O-O 8. Qc2 Re8+ 9. Ne2 g6 10. Bh6 Be6 11. h4 f5 12. O-O-O Nd7 13. Kb1 Nf6 14. f3 b5 15. Nf4 Bc4 16.
h5 Qa5 17. a3 Qc7 18. g3 Bxd3 19. Rxd3 a5 20. Bg5 Nd5 21. Nxd5 cxd5 22. f4 Re4 23. Bf6 Qc4 24. b3 Qc7 25. Rd2 Rae8 26. Be5 f6 27. Bxf6 Re1+ 28. Rxe1 Rxe1+ 29. Kb2 a4 30. Be5 Qc6 31. hxg6 hxg6 32. g4 Bxe5 33. fxe5 axb3 34. Qxb3 fxg4 35. Rg2 Qd7 36. a4 Qf5 37. Qxd5+ Kg7 38.
Qb7+ Kf8 39. Qb8+ Ke7 40. Qd6+ Kf7 41. Qf6+ Qxf6 42.
exf6 bxa4 43. Rxg4 Kxf6 44. d5 Re5 45. Rd4 Ke7 46. Ka3 Kd6 47. c4 Kc5 48. Rd1 Kxc4 49. d6 Re8 50. d7 Rd8 51.
Rc1+ Kd5 52. Rd1+ Ke6 53. Kxa4 Rxd7 54. Re1+ Kf6 55. Rf1+ Kg7 56. Kb5 g5 57. Kc6 Rd2 58. Kc5 Kg6 59. Kc4 g4 60. Kc3 Rd8 61. Rf4 Kg5 62. Rf7 g3 0-1

[Event "14e Open International de Quenza"]
[Site "Quenza, France"]
[Date "????.??.??"]
[Round "7.6"]
[White "Terrieux, Kevin"]
[Black "Skripchenko, Almira"]
[Result "1-0"]
[TimeControl "5min+3s"]
[WhiteElo "2394"]
[BlackElo "2359"]

1. e4 d5 2. exd5 Qxd5 3. Nc3 Qd8 4. d4 Nf6 5. Nf3 Bf5 6. Ne5 c6 7. Bc4 e6 8. g4 Be4 9. Nxe4 Nxe4 10.
Qf3 Nd6 11. Be3 Nd7 12. O-O-O Be7 13. Bb3 a5 14. a3 a4 15. Ba2 O-O 16. h4 Nb5 17. Bf4 Nxe5 18. Bxe5 Nd6 19. h5 h6 20.
Kb1 Qd7 21. Qg2 b5 22. g5 hxg5 23. h6 f6 24. Qh3 Kf7 25. hxg7 Rg8 26. Qh5+ Kxg7 27. Qxg5+ Kf8 28. Qh6+ Ke8 29. Bxd6 Qxd6 30. Rde1 Qxd4 31.
Bxe6 Rg5 32. Qh7 Qc5 33. Rd1 Rd8 34. Qf7# 1-0

[Event "14e Open International de Quenza"]
[Site "Quenza, France"]
[Date "????.??.??"]
[Round "7.7"]
[White "Pieri, Pierre-Louis"]
[Black "Mullon, Jean-Baptiste"]
[Result "1-0"]
[TimeControl "5min+3s"]
[WhiteElo "2224"]
[BlackElo "2277"]

1. e4 c5 2. Nc3 a6 3. Nge2 e6 4. g3 b5 5. Bg2 Bb7 6. d4 cxd4 7. Nxd4 Qc7 8. O-O Nf6 9. Re1 d6 10.
Bg5 Be7 11. Bxf6 gxf6 12. Qh5 O-O 13. Rad1 Qc5 14. Nd5 Bxd5 15. exd5 Ra7 16. Be4 Rc8 17.
Qxh7+ 1-0

[Event "14e Open International de Quenza"]
[Site "Quenza, France"]
[Date "????.??.??"]
[Round "7.8"]
[White "Podvin, Antoine"]
[Black "Bonelli Maestracci, Pierre Joseph"]
[Result "1/2-1/2"]
[TimeControl "5min+3s"]
[WhiteElo "2037"]
[BlackElo "2098"]

1. d4 c5 2. d5 Nf6 3. c4 e6 4. Nc3 d6 5. e4 g6 6.
Bd3 Bg7 7. Nge2 e5 8. O-O O-O 9.
f4 exf4 10. Bxf4 Nh5 11. Be3 a6 12.
a4 Nd7 13. Nf4 Nxf4 14. Bxf4 Ne5 15. Qd2 Bd7 16. Rae1 Qe7 17. b3 Rae8 18. Bc2 Rb8 19. Bh6 Ng4 20. Bxg7 Kxg7 21. h3 Ne5 22.
a5 Qd8 23. Ne2 Qe7 24. Nf4 h6 25. Re3 Rbe8 26. Rg3 Qh4 27. Qf2 Kh7 28. Ne2 f5 29. exf5 Bxf5 30. Bxf5 Rxf5 31. Qe1 Ref8 32. Rxf5 Rxf5 33. Qc3 Qf6 34. Qe3 Rf1+ 35. Kh2 Qf2 36. Qxf2 Rxf2 37. Nc3 Kg7 38. Ne4 Rf6 39. Nxf6 Kxf6 40. Re3 Kf5 41. Kg3 g5 42. Kf2 h5 43. g3 g4 44.
hxg4+ Nxg4+ 45. Ke2 Nxe3 46.
Kxe3 Kg4 47. Kf2 h4 48.
gxh4 Kxh4 49. Kf3 Kg5 50.
Ke4 Kg4 51. Ke3 Kg5 52. Ke4 Kg4 53.
Ke3 Kf5 54. Kf3 Ke5 55. Ke3 Kf5 56. Kf3 Ke5 57. Ke3 Kf5 58. Kf3 Ke5 1/2-1/2

[Event "14e Open International de Quenza"]
[Site "Quenza, France"]
[Date "????.??.??"]
[Round "7.9"]
[White "Bernardi, Alexandre"]
[Black "Roux, Baptiste"]
[Result "0-1"]
[TimeControl "5min+3s"]
[WhiteElo "1897"]
[BlackElo "2381"]

1. e4 c5 2. Nf3 Nc6 3.
d4 cxd4 4. Nxd4 Nf6 5. Nc3 e6 6. g3 d5 7.
exd5 exd5 8. Bg2 Bg4 9. Nf3 d4 10. Ne2 Bc5 11. O-O O-O 12. h3 Bf5 13. Bg5 h6 14. Bf4 Qb6 15. Ne5 Qxb2 16.
Rb1 Qxc2 17. Qxc2 Bxc2 18. Rxb7 Nxe5 19. Bxe5 d3 20. Nf4 Rac8 21. Bxf6 gxf6 22. Nd5 Kg7 23. Be4 Rfe8 24. Bf5 Rcd8 25. Nf4 Re7 26. Rxe7 Bxe7 27. Nh5+ Kf8 28. Nf4 Bc5 29. g4 Rd4 30. Ng2 Ba4 31. Ne3 d2 32.
Nc2 d1=Q 33. Nxd4 Qxd4 0-1

[Event "14e Open International de Quenza"]
[Site "Quenza, France"]
[Date "????.??.??"]
[Round "7.10"]
[White "Johannsdottir, Johanna Bjorg"]
[Black "Deladerriere, Apollo"]
[Result "1-0"]
[TimeControl "5min+3s"]
[WhiteElo "1997"]
[BlackElo "2131"]

1. e4 c6 2. d3 d5 3. Nf3 Nf6 4. Nbd2 e6 5. g3 Be7 6.
Bg2 Na6 7. O-O dxe4 8. dxe4 O-O 9. e5 Nd5 10. c3 Nc5 11. Qc2 Qc7 12. Re1 b6 13. a3 Ba6 14. c4 Rac8 15. cxd5 cxd5 16.
b4 Nd3 17. Qxc7 Rxc7 18. Rd1 Rfc8 19.
Nb3 Bc4 20. Be3 Nb2 21. Rd2 Na4 22. Nbd4 Nc3 23. h4 a5 24. bxa5 bxa5 25. Bf1 Rb7 26. Rc2 Bxf1 27. Kxf1 Rbc7 28. Bd2 Rc4 29. Rxc3 Rxc3 30. Bxc3 Rxc3 31. a4 f6 32. Ke2 fxe5 33. Nxe5 Bf6 34.
Ndf3 Rc2+ 35. Ke1 Rc3 36. Rb1 h6 37. Rb8+ Kh7 38. h5 Ra3 39. Ng6 1-0

[Event "14e Open International de Quenza"]
[Site "Quenza, France"]
[Date "????.??.??"]
[Round "7.11"]
[White "Have, Didier"]
[Black "Ratier-Fontana, Matteo"]
[Result "1-0"]
[TimeControl "5min+3s"]
[WhiteElo "1903"]
[BlackElo "2275"]

1. e4 d6 2. d4 Nf6 3. Nc3 Nbd7 4. Nf3 e5 5. dxe5 dxe5 6. Bc4 Be7 7. h3 O-O 8. Be3 c6 9. O-O b5 10. Bd3 Qc7 11. Ne2 Nc5 12. Ng3 Rd8 13.
Qe2 Be6 14. Rfd1 Bf8 15. Nh4 g6 16. Nf3 a5 17. Ng5 Bd7 18. Qf3 Kg7 19. Nxf7 Kxf7 20. Bg5 Bg7 21. Bxf6 Bxf6 22. h4 Kg7 23.
h5 Bg5 24. Qe2 Rf8 25. f3 Ne6 26.
hxg6 hxg6 27. Qe1 Qb6+ 28. Kf1 Rad8 29. Qc3 Qc7 30. Bxb5 cxb5 1-0

[Event "14e Open International de Quenza"]
[Site "Quenza, France"]
[Date "????.??.??"]
[Round "7.12"]
[White "Cardi, Jean"]
[Black "Calistri, Tristan"]
[Result "1/2-1/2"]
[TimeControl "5min+3s"]
[WhiteElo "1976"]
[BlackElo "2198"]

1. e4 c5 2. Nf3 e6 3. c3 Nf6 4. e5 Nd5 5. g3 Nc6 6.
Bg2 d6 7. exd6 Bxd6 8. O-O O-O 9. d4 cxd4 10. Nxd4 Nxd4 11. Qxd4 Qc7 12. Nd2 Bd7 13. Ne4 Be5 14. Qd3 Bc6 15.
Ng5 Nf6 16. Nf3 Rad8 17. Qe2 Bd6 18. Bg5 Be7 19. Rfd1 h6 20. Bf4 Qb6 21. a4 Rxd1+ 22. Rxd1 Bxa4 23. Rd4 Bc6 24. Ne5 Bxg2 25. Kxg2 Rd8 26.
Rxd8+ Qxd8 27. Qb5 Qd5+ 28. Qxd5 Nxd5 29. Bd2 b5 30. b4 Bf6 31. Nc6 a6 32. Nb8 Bxc3 33. Bxc3 Nxc3 34. Nxa6 Nd5 35. Kf3 f5 36. Ke2 Kf7 37.
f4 e5 38. Kd3 exf4 39. gxf4 Nxf4+ 40. Kd4 Ne6+ 41. Ke5 f4 42.
Ke4 g5 43. Nb8 Ke7 44. Nc6+ Kd6 45. Ne5 Nc7 46. Nf7+ Ke6 47. Nxh6 Nd5 48. Ng4 Nxb4 49. Ne5 Nd5 50. Nd3 b4 51. h3 b3 52. Nc5+ Kf6 53. Nxb3 Nc3+ 54. Kd3 Nd5 55. Ke4 Ne3 56. Nd4 Nf1 57. h4 Ng3+ 58. Kf3 Ke5 59. hxg5 Nh5 60. Ne2 Kf5 61. g6 Kxg6 1/2-1/2

[Event "14e Open International de Quenza"]
[Site "Quenza, France"]
[Date "????.??.??"]
[Round "8.1"]
[White "Terrieux, Kevin"]
[Black "Dardha, Daniel"]
[Result "0-1"]
[TimeControl "5min+3s"]
[WhiteElo "2394"]
[BlackElo "2627"]

1. e4 c5 2. Nf3 d6 3. Bb5+ Bd7 4. Bxd7+ Nxd7 5. c4 Ngf6 6. Nc3 e6 7. O-O a6 8. d4 cxd4 9. Qxd4 Be7 10. b3 O-O 11. Bb2 Rc8 12.
Rad1 Qa5 13. Rfe1 Rfd8 14. Qd3 Nc5 15. Qe2 b5 16. cxb5 axb5 17. Qxb5 Qxb5 18. Nxb5 Ncxe4 19. Rc1 Ra8 20.
a4 Nc5 21. Nfd4 Nd3 22. Nc6 Rd7 23. Nxe7+ Rxe7 24. Bxf6 gxf6 25. Nxd6 Nxe1 26. Rxe1 Rd7 27. Ne4 Rd3 28. Nxf6+ Kg7 29. Nh5+ Kh6 30. g4 Rxb3 31.
Re4 Ra3 32. Rf4 f5 33. Ng3 Kg5 34. Rb4 R3xa4 35. h4+ Kxh4 36. Rb7 Kxg4 37. Rxh7 Kf3 38. Rh3 Rg8 39. Kh2 Kxf2 40. Nh1+ Ke2 41. Ng3+ Ke1 42. Rh6 Ra2+ 43. Kh1 Rxg3 44. Rxe6+ Re2 0-1

[Event "14e Open International de Quenza"]
[Site "Quenza, France"]
[Date "????.??.??"]
[Round "8.2"]
[White "Maurizzi, Marc Andria"]
[Black "Lagarde, Maxime"]
[Result "1-0"]
[TimeControl "5min+3s"]
[WhiteElo "2604"]
[BlackElo "2618"]

1. e4 c5 2. Nf3 d6 3. d4 cxd4 4. Nxd4 Nf6 5. Nc3 g6 6.
Bg5 Bg7 7. Bb5+ Bd7 8. Qe2 a6 9. Bxd7+ Nbxd7 10. O-O-O Rc8 11. f4 Rxc3 12. bxc3 Qa5 13. Nb3 Qa3+ 14. Kd2 O-O 15. Ke1 h6 16.
Bxf6 Nxf6 17. e5 Nd7 18. exd6 exd6 19. Kf2 Nf6 20. Rhe1 d5 21. Nd2 Rc8 22. c4 dxc4 23. Ne4 Nxe4+ 24. Qxe4 Qxa2 25. Rd7 Qb2 26. Qxb7 Qxb7 27. Rxb7 Bd4+ 28. Kf3 Rc6 29. g3 a5 30. Re8+ Kg7 31. Ra8 Re6 32. Rxa5 Re3+ 33. Kg4 h5+ 34. Kh3 Re2 35.
Rb1 Rxc2 36. Rd5 Bf2 37. Rd7 c3 38. Rbb7 Bg1 39. Rxf7+ Kg8 40. Kh4 Rxh2+ 41. Kg5 Rd2 42. Rfc7 Rd5+ 43. Kxg6 Rd6+ 44. Kxh5 1-0